Panthers vs BlackHawks

Created - February 1, 2017 at 16:54

Goals
1 2 3 T
Panthers 1 1 1 3
BlackHawks 0 3 2 5
Shots
1 2 3 T
Panthers 10 15 13 38
BlackHawks 4 15 10 29

1st period

1. Panthers , Jacob Trouba 2 (Vladimir Tarasenko, Joe Thornton) at 5:14

Penalties :
Dion Phaneuf (CHI) for Holding (Minor) at 5:32, Deryk Engelland (CHI) for Hooking (Minor) at 16:21

2nd period

2. Panthers , Jesper Fast 15 (Artem Anisimov, Alex Tanguay) at 3:45
3. BlackHawks , Shane Doan 16 (Jack Eichel, Trevor Lewis) at 7:22
4. BlackHawks , Gabriel Landeskog 21 (Shane Doan) at 7:42
5. BlackHawks , Alex Galchenyuk 20 (Artemi Panarin, Kris Letang) at 15:54 (PP)

Penalties :
Adam McQuaid (CHI) for Hooking (Minor) at 5:17, Justin Braun (FLA) for Hooking (Minor) at 15:44, Dion Phaneuf (CHI) for Roughing (Minor) at 17:58

3rd period

6. BlackHawks , Sam Bennett 10 (John-Michael Liles) at 2:28
7. Panthers , Patrick Kane 27 (T.J. Brodie, Nikolaj Ehlers) at 7:27 (PP)
8. BlackHawks , Jason Chimera 10 (Patrik Elias, Sam Bennett) at 15:53

Penalties :
Steve Ott (CHI) for Tripping (Minor) at 6:35, Vladimir Tarasenko (FLA) for Tripping (Minor) at 8:49, Adam McQuaid (CHI) for Hooking (Minor) at 12:10, Andrew Shaw (CHI) for Hooking (Minor) at 16:02

Goalie Stats

Marc-Andre Fleury (FLA), 24 saves from 29 shots - (0.828), L, 29-15-1, 60:00 minutes
Craig Anderson (CHI), 35 saves from 38 shots - (0.921), W, 16-19-3, 60:00 minutes

Players Stats for Panthers

Player Name              G  A  P  +/- PIM S  H  SB GA TA FO     MP     PP MP  PK MP  
------------------------------------------------------------------------------------
Alex Tanguay             0  1  1  -2  0   1  0  0  0  0  2/3    13:56   0:00   0:00 
Artem Anisimov           0  1  1  -2  0   4  0  0  0  0  10/16  13:56   0:00   0:00 
Danny DeKeyser           0  0  0  -1  0   0  1  1  0  0  0/0    17:45   0:57   1:24 
Dennis Seidenberg        0  0  0   0  0   0  0  0  0  0  0/0     0:00   0:00   0:00 
Jacob Trouba             1  0  1  -1  0   3  3  1  0  0  0/0    25:22   7:42   1:24 
Jesper Fast              1  0  1  -2  0   2  1  0  0  0  0/0    15:06   0:00   1:10 
Joe Thornton             0  1  1   1  0   3  6  1  0  0  12/26  19:14   5:37   0:00 
Justin Braun             0  0  0  -1  2   3  5  1  0  0  0/0    23:09   5:04   0:45 
Matt Duchene             0  0  0   0  0   2  1  0  0  0  13/29  20:25   7:09   0:00 
Nikolaj Ehlers           0  1  1   1  0   0  3  0  0  0  0/2    20:23   6:46   0:00 
Patrick Kane             1  0  1  -1  0   12 2  0  0  0  3/10   25:51   7:09   1:10 
Pavel Datsyuk            0  0  0   0  0   3  1  0  0  0  1/1    19:22   5:07   0:59 
Pierre-Edouard Bellemare 0  0  0  -1  0   0  1  0  0  0  1/3     6:08   0:53   0:59 
Reid Boucher             0  0  0  -1  0   0  0  0  0  0  0/0     4:16   0:00   0:00 
Shea Theodore            0  0  0   0  0   0  1  1  0  0  0/0    16:32   5:04   0:00 
T.J. Brodie              0  1  1  -1  0   2  0  2  0  0  0/0    24:51   6:45   0:45 
Trevor van Riemsdyk      0  0  0   0  0   0  1  0  0  0  0/0    12:20   0:00   0:00 
Vladimir Tarasenko       0  1  1   1  2   3  2  0  0  0  0/4    19:13   5:37   0:00 

Players Stats for BlackHawks

Player Name              G  A  P  +/- PIM S  H  SB GA TA FO     MP     PP MP  PK MP  
------------------------------------------------------------------------------------
Adam McQuaid             0  0  0   1  4   0  1  2  0  0  0/0    19:02   0:00   4:51 
Alex Galchenyuk          1  0  1  -1  0   4  0  0  0  0  15/26  16:18   0:57   1:22 
Andrew Shaw              0  0  0  -1  2   1  3  0  0  0  0/1    21:46   0:57   6:51 
Artemi Panarin           0  1  1  -1  0   3  0  0  0  0  0/1    14:56   0:57   0:00 
Deryk Engelland          0  0  0   2  2   0  2  0  0  0  0/0    19:31   0:00   4:00 
Dion Phaneuf             0  0  0  -1  4   0  1  0  0  0  0/0    22:18   1:22   5:30 
Gabriel Landeskog        1  0  1   1  0   4  0  0  0  0  1/2    18:53   1:12   1:30 
Jack Eichel              0  1  1   1  0   4  0  0  0  0  13/27  17:23   1:12   0:00 
Jason Chimera            1  0  1   2  0   2  0  0  0  0  0/1    10:21   0:00   0:00 
John-Michael Liles       0  1  1   2  0   0  0  0  0  0  0/0    17:11   0:47   1:00 
Kris Letang              0  1  1  -1  0   0  1  1  0  0  0/0    24:00   1:22   7:18 
Michael McCarron         0  0  0   0  0   0  1  0  0  0  1/2     4:34   0:00   0:00 
Olli Maatta              0  0  0   1  0   2  0  2  0  0  0/0    21:48   0:47   6:48 
Patrik Elias             0  1  1   2  0   1  0  0  0  0  0/0    10:21   0:00   0:00 
Sam Bennett              1  1  2   2  0   5  1  0  0  0  9/14   10:21   0:00   0:00 
Shane Doan               1  1  2   1  0   3  3  0  0  0  0/0    17:23   1:12   0:00 
Steve Ott                0  0  0   0  2   0  0  0  0  0  10/16  11:53   0:00   7:20 
Trevor Lewis             0  1  1   0  0   0  0  1  0  0  3/4     9:08   0:00   4:34 

3 Stars

1 - Shane Doan (CHI)
2 - Sam Bennett (CHI)
3 - Joe Thornton (FLA)

Power Play

Panthers - 1 on 7 Attempt(s) - 14.29%
BlackHawks - 1 on 2 Attempt(s) - 50.00%

Penalty Kill

Panthers - 1 on 2 Attempt(s) - 50.00% - Score 0 goal in Penalty Kill
BlackHawks - 6 on 7 Attempt(s) - 85.71% - Score 0 goal in Penalty Kill

Team Stat

Panthers - Hits : 28 - Faceoff Wins : 42 - Blocked Shots : 7 - Penalty Minutes : 4
BlackHawks - Hits : 13 - Faceoff Wins : 52 - Blocked Shots : 6 - Penalty Minutes : 14

Official

Referees : Rob Martell and Ghislain Hebert
Linesman : Lonnie Cameron and Darren Gibbs

Game Notes

No Game Note

Finance

Level 1 -- Attendance: 6439 (99.06%) -- Ticket Income $708,290
Level 2 -- Attendance: 4596 (91.92%) -- Ticket Income $344,700
Level 3 -- Attendance: 3106 (88.74%) -- Ticket Income $173,936
Level 4 -- Attendance: 2699 (72.61%) -- Ticket Income $107,960
Luxury Box -- Attendance: 1000 (100.00%) -- Ticket Income $199,000
Game was played at the United Center.
Total Attendance: 17840 (90.48%)
Total Ticket Income: $1,533,886
Other Income: $230,083
Total Income: $1,763,969

% Time on Ice - Panthers

Lines # - Real PCT - Wanted PCT - Time Play
Normal Forward
1 - 29% - 37% - 13:16
2 - 30% - 33% - 13:37
3 - 31% - 20% - 13:56
4 - 9% - 10% - 4:16
Normal Defense
1 - 38% - 40% - 17:21
2 - 34% - 35% - 15:24
3 - 25% - 20% - 11:28
4 - 2% - 5% - 0:52
PP Forward
1 - 56% - 50% - 7:09
2 - 44% - 50% - 5:37
PP Defense
1 - 60% - 60% - 7:42
2 - 40% - 40% - 5:04
PK Forward
1 - 54% - 50% - 1:10
2 - 46% - 50% - 0:59
PK Defense
1 - 65% - 60% - 1:24
2 - 35% - 40% - 0:45
PK3 Forward
1 - 0% - 60%
2 - 0% - 40%
PK3 Defense
1 - 0% - 60%
2 - 0% - 40%
44 Forward
1 - 0% - 60%
2 - 0% - 40%
44 Defense
1 - 0% - 60%
2 - 0% - 40%
Last Minute Offensive  - 0:00
Last Minute Defensive  - 0:00
Total
Forward - 60:00
Defense - 60:00

% Time on Ice - BlackHawks

Lines # - Real PCT - Wanted PCT - Time Play
Normal Forward
1 - 36% - 34% - 16:11
2 - 31% - 33% - 13:59
3 - 23% - 22% - 10:21
4 - 10% - 11% - 4:34
Normal Defense
1 - 34% - 37% - 15:20
2 - 32% - 34% - 14:13
3 - 34% - 29% - 15:24
4 - 0% - 0% - 0:08
PP Forward
1 - 44% - 55% - 0:57
2 - 56% - 45% - 1:12
PP Defense
1 - 64% - 55% - 1:22
2 - 36% - 45% - 0:47
PK Forward
1 - 64% - 55% - 8:12
2 - 36% - 45% - 4:34
PK Defense
1 - 33% - 50% - 4:16
2 - 67% - 50% - 8:30
PK3 Forward
1 - 0% - 50%
2 - 0% - 50%
PK3 Defense
1 - 0% - 55%
2 - 0% - 45%
44 Forward
1 - 0% - 55%
2 - 0% - 45%
44 Defense
1 - 0% - 55%
2 - 0% - 45%
Last Minute Offensive  - 0:00
Last Minute Defensive  - 0:00
Total
Forward - 60:00
Defense - 60:00

Play by Play

1st period


0:01 of 1st period - Matt Duchene wins face-off versus Jack Eichel in neutral zone.
0:36 of 1st period - Shot by Pavel Datsyuk.
0:36 of 1st period - Stopped by Craig Anderson without a rebound.
0:37 of 1st period - Alex Galchenyuk wins face-off versus Joe Thornton in BlackHawks zone.
1:05 of 1st period - Jacob Trouba is hit by Andrew Shaw and loses puck.
1:34 of 1st period - Icing by Adam McQuaid.
1:35 of 1st period - Artem Anisimov wins face-off versus Alex Galchenyuk in BlackHawks zone.
2:00 of 1st period - Shot by Patrik Elias.
2:00 of 1st period - Deflect By Sam Bennett.
2:00 of 1st period - Shot Misses the Net.
2:14 of 1st period - Shot by Patrik Elias.
2:14 of 1st period - Shot Hit the Post.
2:29 of 1st period - Off-side.
2:30 of 1st period - Matt Duchene wins face-off versus Michael McCarron in neutral zone.
2:33 of 1st period - Shot by Patrick Kane.
2:33 of 1st period - Stopped by Craig Anderson with a rebound.
2:44 of 1st period - Icing by Kris Letang.
2:45 of 1st period - Steve Ott wins face-off versus Joe Thornton in BlackHawks zone.
2:45 of 1st period - Steve Ott is hit by Vladimir Tarasenko.
3:46 of 1st period - Shot by Pavel Datsyuk.
3:46 of 1st period - Stopped by Craig Anderson without a rebound.
3:47 of 1st period - Sam Bennett wins face-off versus Patrick Kane in BlackHawks zone.
3:47 of 1st period - Sam Bennett is hit by Pierre-Edouard Bellemare.
5:06 of 1st period - Shot by Jesper Fast.
5:06 of 1st period - Stopped by Craig Anderson without a rebound.
5:07 of 1st period - Joe Thornton wins face-off versus Jack Eichel in BlackHawks zone.
5:12 of 1st period - Shot by Vladimir Tarasenko.
5:12 of 1st period - Shot Misses the Net.
5:14 of 1st period - Shot by Jacob Trouba.
5:14 of 1st period - Goal by Jacob Trouba - Panthers : 1 - BlackHawks : 0.
5:15 of 1st period - Jack Eichel wins face-off versus Joe Thornton in neutral zone.
5:20 of 1st period - Icing by Joe Thornton.
5:21 of 1st period - Joe Thornton wins face-off versus Jack Eichel in Panthers zone.
5:31 of 1st period - Icing by Kris Letang.
5:32 of 1st period - Matt Duchene wins face-off versus Jack Eichel in BlackHawks zone.
5:32 of 1st period - Minor Penalty to Dion Phaneuf for Holding.
5:33 of 1st period - Steve Ott wins face-off versus Matt Duchene in BlackHawks zone.
5:33 of 1st period - Steve Ott is hit by Nikolaj Ehlers.
6:12 of 1st period - Shot by Patrick Kane.
6:12 of 1st period - Deflect By Matt Duchene.
6:12 of 1st period - Shot Misses the Net.
6:14 of 1st period - Shot by Matt Duchene.
6:14 of 1st period - Shot Blocked by Trevor Lewis.
7:19 of 1st period - Icing by Jacob Trouba.
7:20 of 1st period - Trevor Lewis wins face-off versus Nikolaj Ehlers in Panthers zone.
7:39 of 1st period - Shot by Gabriel Landeskog.
7:39 of 1st period - Stopped by Marc-Andre Fleury without a rebound.
7:40 of 1st period - Artem Anisimov wins face-off versus Jack Eichel in Panthers zone.
7:57 of 1st period - Shot by Alex Tanguay.
7:57 of 1st period - Stopped by Craig Anderson without a rebound.
7:58 of 1st period - Alex Galchenyuk wins face-off versus Matt Duchene in BlackHawks zone.
8:27 of 1st period - Shot by Pavel Datsyuk.
8:27 of 1st period - Shot Misses the Net.
8:31 of 1st period - Shot by Patrick Kane.
8:31 of 1st period - Shot Misses the Net.
8:40 of 1st period - Icing by Artemi Panarin.
8:41 of 1st period - Alex Galchenyuk wins face-off versus Joe Thornton in BlackHawks zone.
8:54 of 1st period - Shot by Vladimir Tarasenko.
8:54 of 1st period - Stopped by Craig Anderson with a rebound.
8:56 of 1st period - Shot by Vladimir Tarasenko.
8:56 of 1st period - Shot Misses the Net.
8:58 of 1st period - Shot by Joe Thornton.
8:58 of 1st period - Shot Misses the Net.
9:00 of 1st period - Shot by Danny DeKeyser.
9:00 of 1st period - Shot Misses the Net.
9:02 of 1st period - Shot by Vladimir Tarasenko.
9:02 of 1st period - Shot Misses the Net.
9:14 of 1st period - Shot by Joe Thornton.
9:14 of 1st period - Shot Misses the Net.
9:19 of 1st period - Icing by John-Michael Liles.
9:20 of 1st period - Artem Anisimov wins face-off versus Alex Galchenyuk in BlackHawks zone.
9:56 of 1st period - Off-side.
9:57 of 1st period - Matt Duchene wins face-off versus Sam Bennett in neutral zone.
10:07 of 1st period - Shot by Jason Chimera.
10:07 of 1st period - Shot Misses the Net.
10:19 of 1st period - Shot by Sam Bennett.
10:19 of 1st period - Stopped by Marc-Andre Fleury without a rebound.
10:20 of 1st period - Joe Thornton wins face-off versus Jack Eichel in Panthers zone.
10:31 of 1st period - Dion Phaneuf is hit by Joe Thornton and loses puck.
11:15 of 1st period - Vladimir Tarasenko is hit by Michael McCarron.
11:46 of 1st period - Patrick Kane is hit by Adam McQuaid and loses puck.
12:11 of 1st period - Shot by Sam Bennett.
12:11 of 1st period - Stopped by Marc-Andre Fleury without a rebound.
12:12 of 1st period - Alex Tanguay wins face-off versus Alex Galchenyuk in Panthers zone.
12:18 of 1st period - Off-side.
12:19 of 1st period - Artem Anisimov wins face-off versus Jack Eichel in neutral zone.
12:24 of 1st period - Icing by John-Michael Liles.
12:25 of 1st period - Artem Anisimov wins face-off versus Jack Eichel in BlackHawks zone.
13:23 of 1st period - Off-side.
13:24 of 1st period - Alex Galchenyuk wins face-off versus Matt Duchene in neutral zone.
13:51 of 1st period - Shot by Patrick Kane.
13:51 of 1st period - Stopped by Craig Anderson without a rebound.
13:52 of 1st period - Sam Bennett wins face-off versus Vladimir Tarasenko in BlackHawks zone.
14:31 of 1st period - Shot by Patrik Elias.
14:31 of 1st period - Deflect By Jason Chimera.
14:31 of 1st period - Shot Blocked by Jacob Trouba.
14:48 of 1st period - Shot by Alex Galchenyuk.
14:48 of 1st period - Shot Misses the Net.
14:50 of 1st period - Shot by Alex Galchenyuk.
14:50 of 1st period - Shot Misses the Net.
14:52 of 1st period - Shot by Andrew Shaw.
14:52 of 1st period - Shot Blocked by Joe Thornton.
14:54 of 1st period - Shot by Artemi Panarin.
14:54 of 1st period - Stopped by Marc-Andre Fleury without a rebound.
14:55 of 1st period - Jack Eichel wins face-off versus Matt Duchene in Panthers zone.
16:13 of 1st period - Artem Anisimov is hit by Deryk Engelland and loses puck.
16:21 of 1st period - Minor Penalty to Deryk Engelland for Hooking.
16:22 of 1st period - Steve Ott wins face-off versus Joe Thornton in BlackHawks zone.
17:49 of 1st period - Shot by Joe Thornton.
17:49 of 1st period - Stopped by Craig Anderson without a rebound.
17:50 of 1st period - Joe Thornton wins face-off versus Steve Ott in BlackHawks zone.
19:43 of 1st period - Shot by Patrick Kane.
19:43 of 1st period - Stopped by Craig Anderson without a rebound.
19:44 of 1st period - Joe Thornton wins face-off versus Andrew Shaw in BlackHawks zone.
19:59 of 1st period - Adam McQuaid is hit by Nikolaj Ehlers and loses puck.
Goals for this period are 1 for Panthers vs 0 for BlackHawks.
Shots for this period are 10 for Panthers vs 4 for BlackHawks.

2nd period


0:01 of 2nd period - Alex Galchenyuk wins face-off versus Matt Duchene in neutral zone.
0:24 of 2nd period - Shot by Patrick Kane.
0:24 of 2nd period - Stopped by Craig Anderson with a rebound.
0:28 of 2nd period - Shot by Patrick Kane.
0:28 of 2nd period - Stopped by Craig Anderson with a rebound.
1:25 of 2nd period - Icing by Olli Maatta.
1:26 of 2nd period - Jack Eichel wins face-off versus Artem Anisimov in BlackHawks zone.
1:41 of 2nd period - Shot by Alex Tanguay.
1:41 of 2nd period - Deflect By Artem Anisimov.
1:41 of 2nd period - Stopped by Craig Anderson without a rebound.
1:42 of 2nd period - Patrick Kane wins face-off versus Steve Ott in BlackHawks zone.
2:39 of 2nd period - Steve Ott is hit by Joe Thornton and loses puck.
2:46 of 2nd period - Shot by Vladimir Tarasenko.
2:46 of 2nd period - Stopped by Craig Anderson with a rebound.
2:56 of 2nd period - Shot by Nikolaj Ehlers.
2:56 of 2nd period - Deflect By Vladimir Tarasenko.
2:56 of 2nd period - Shot Misses the Net.
3:18 of 2nd period - Steve Ott is hit by Joe Thornton and loses puck.
3:32 of 2nd period - Off-side.
3:33 of 2nd period - Alex Tanguay wins face-off versus Alex Galchenyuk in neutral zone.
3:45 of 2nd period - Shot by Jesper Fast.
3:45 of 2nd period - Goal by Jesper Fast - Panthers : 2 - BlackHawks : 0.
3:46 of 2nd period - Jack Eichel wins face-off versus Matt Duchene in neutral zone.
3:55 of 2nd period - Shot by Jack Eichel.
3:55 of 2nd period - Stopped by Marc-Andre Fleury without a rebound.
3:56 of 2nd period - Alex Galchenyuk wins face-off versus Matt Duchene in Panthers zone.
4:01 of 2nd period - Shot by Artemi Panarin.
4:01 of 2nd period - Stopped by Marc-Andre Fleury without a rebound.
4:02 of 2nd period - Alex Galchenyuk wins face-off versus Patrick Kane in Panthers zone.
4:02 of 2nd period - Kris Letang is hit by Justin Braun and loses puck.
4:23 of 2nd period - Alex Galchenyuk is hit by Justin Braun and loses puck.
4:36 of 2nd period - Shot by Pavel Datsyuk.
4:36 of 2nd period - Stopped by Craig Anderson with a rebound.
4:38 of 2nd period - Shot by Matt Duchene.
4:38 of 2nd period - Shot Misses the Net.
4:40 of 2nd period - Shot by T.J. Brodie.
4:40 of 2nd period - Shot Blocked by Kris Letang.
4:42 of 2nd period - Shot by Matt Duchene.
4:42 of 2nd period - Stopped by Craig Anderson without a rebound.
4:43 of 2nd period - Jack Eichel wins face-off versus Vladimir Tarasenko in BlackHawks zone.
4:45 of 2nd period - Icing by Gabriel Landeskog.
4:46 of 2nd period - Jack Eichel wins face-off versus Joe Thornton in BlackHawks zone.
4:46 of 2nd period - Gabriel Landeskog is hit by Joe Thornton.
4:49 of 2nd period - Jack Eichel is hit by Trevor van Riemsdyk and loses puck.
5:02 of 2nd period - Shot by Gabriel Landeskog.
5:02 of 2nd period - Stopped by Marc-Andre Fleury without a rebound.
5:03 of 2nd period - Matt Duchene wins face-off versus Sam Bennett in Panthers zone.
5:14 of 2nd period - Shot by Patrick Kane.
5:14 of 2nd period - Stopped by Craig Anderson without a rebound.
5:15 of 2nd period - Joe Thornton wins face-off versus Alex Galchenyuk in BlackHawks zone.
5:17 of 2nd period - Minor Penalty to Adam McQuaid for Hooking.
5:18 of 2nd period - Steve Ott wins face-off versus Matt Duchene in BlackHawks zone.
5:18 of 2nd period - Olli Maatta is hit by Matt Duchene.
5:28 of 2nd period - Shot by Jacob Trouba.
5:28 of 2nd period - Shot Misses the Net.
5:50 of 2nd period - Icing by Matt Duchene.
5:51 of 2nd period - Matt Duchene wins face-off versus Steve Ott in Panthers zone.
6:34 of 2nd period - Off-side.
6:35 of 2nd period - Joe Thornton wins face-off versus Steve Ott in neutral zone.
6:51 of 2nd period - Joe Thornton is hit by Kris Letang and loses puck.
7:17 of 2nd period - Trevor Lewis is hit by Jacob Trouba and loses puck.
7:22 of 2nd period - Shot by Shane Doan.
7:22 of 2nd period - Goal by Shane Doan - Panthers : 2 - BlackHawks : 1.
7:23 of 2nd period - Jack Eichel wins face-off versus Alex Tanguay in neutral zone.
7:42 of 2nd period - Shot by Gabriel Landeskog.
7:42 of 2nd period - Goal by Gabriel Landeskog - Panthers : 2 - BlackHawks : 2.
7:43 of 2nd period - Alex Galchenyuk wins face-off versus Patrick Kane in neutral zone.
7:50 of 2nd period - Shot by Andrew Shaw.
7:50 of 2nd period - Shot Blocked by Justin Braun.
8:48 of 2nd period - Gabriel Landeskog is hit by Patrick Kane and loses puck.
9:07 of 2nd period - Shot by Shane Doan.
9:07 of 2nd period - Stopped by Marc-Andre Fleury without a rebound.
9:08 of 2nd period - Sam Bennett wins face-off versus Artem Anisimov in Panthers zone.
9:25 of 2nd period - Shot by Alex Tanguay.
9:25 of 2nd period - Deflect By Artem Anisimov.
9:25 of 2nd period - Stopped by Craig Anderson with a rebound.
9:27 of 2nd period - Shot by Artem Anisimov.
9:27 of 2nd period - Stopped by Craig Anderson without a rebound.
9:28 of 2nd period - Michael McCarron wins face-off versus Joe Thornton in BlackHawks zone.
9:28 of 2nd period - Michael McCarron is hit by Joe Thornton.
9:37 of 2nd period - Steve Ott is hit by Jacob Trouba and loses puck.
9:43 of 2nd period - Off-side.
9:44 of 2nd period - Artem Anisimov wins face-off versus Alex Galchenyuk in neutral zone.
10:07 of 2nd period - Shot by Artemi Panarin.
10:07 of 2nd period - Shot Misses the Net.
10:19 of 2nd period - Shot by Andrew Shaw.
10:19 of 2nd period - Stopped by Marc-Andre Fleury with a rebound.
10:21 of 2nd period - Shot by Olli Maatta.
10:21 of 2nd period - Shot Misses the Net.
10:23 of 2nd period - Shot by Adam McQuaid.
10:23 of 2nd period - Deflect By Alex Galchenyuk.
10:23 of 2nd period - Shot Misses the Net.
10:45 of 2nd period - Shot by Jack Eichel.
10:45 of 2nd period - Deflect By Shane Doan.
10:45 of 2nd period - Stopped by Marc-Andre Fleury without a rebound.
10:46 of 2nd period - Sam Bennett wins face-off versus Matt Duchene in Panthers zone.
10:51 of 2nd period - Shot by Jason Chimera.
10:51 of 2nd period - Stopped by Marc-Andre Fleury without a rebound.
10:52 of 2nd period - Jack Eichel wins face-off versus Patrick Kane in Panthers zone.
11:28 of 2nd period - Off-side.
11:29 of 2nd period - Joe Thornton wins face-off versus Alex Galchenyuk in neutral zone.
11:42 of 2nd period - Shot by Nikolaj Ehlers.
11:42 of 2nd period - Shot Blocked by Adam McQuaid.
11:44 of 2nd period - Shot by Danny DeKeyser.
11:44 of 2nd period - Shot Misses the Net.
11:50 of 2nd period - Shot by Jacob Trouba.
11:50 of 2nd period - Stopped by Craig Anderson without a rebound.
11:51 of 2nd period - Artem Anisimov wins face-off versus Sam Bennett in BlackHawks zone.
12:46 of 2nd period - Icing by Trevor van Riemsdyk.
12:47 of 2nd period - Artem Anisimov wins face-off versus Alex Galchenyuk in Panthers zone.
12:56 of 2nd period - Shot by Artemi Panarin.
12:56 of 2nd period - Deflect By Andrew Shaw.
12:56 of 2nd period - Shot Blocked by Shea Theodore.
13:12 of 2nd period - Shot by Alex Galchenyuk.
13:12 of 2nd period - Stopped by Marc-Andre Fleury without a rebound.
13:13 of 2nd period - Jack Eichel wins face-off versus Matt Duchene in Panthers zone.
13:26 of 2nd period - Shot by Patrick Kane.
13:26 of 2nd period - Shot Misses the Net.
13:42 of 2nd period - Shot by Patrick Kane.
13:42 of 2nd period - Shot Blocked by Olli Maatta.
14:47 of 2nd period - Shot by Nikolaj Ehlers.
14:47 of 2nd period - Shot Misses the Net.
14:57 of 2nd period - Shot by Alex Galchenyuk.
14:57 of 2nd period - Stopped by Marc-Andre Fleury without a rebound.
14:58 of 2nd period - Sam Bennett wins face-off versus Artem Anisimov in Panthers zone.
15:03 of 2nd period - Shot by Sam Bennett.
15:03 of 2nd period - Stopped by Marc-Andre Fleury without a rebound.
15:04 of 2nd period - Patrick Kane wins face-off versus Jason Chimera in Panthers zone.
15:14 of 2nd period - Icing by John-Michael Liles.
15:15 of 2nd period - Sam Bennett wins face-off versus Artem Anisimov in BlackHawks zone.
15:15 of 2nd period - Sam Bennett is hit by Jesper Fast.
15:43 of 2nd period - Shot by Sam Bennett.
15:43 of 2nd period - Shot Blocked by T.J. Brodie.
15:44 of 2nd period - Minor Penalty to Justin Braun for Hooking.
15:45 of 2nd period - Pierre-Edouard Bellemare wins face-off versus Artemi Panarin in Panthers zone.
15:54 of 2nd period - Shot by Alex Galchenyuk.
15:54 of 2nd period - Goal by Alex Galchenyuk - Panthers : 2 - BlackHawks : 3.
15:55 of 2nd period - Pavel Datsyuk wins face-off versus Jack Eichel in neutral zone.
16:02 of 2nd period - Shot by Patrick Kane.
16:02 of 2nd period - Shot Misses the Net.
16:10 of 2nd period - Shot by Matt Duchene.
16:10 of 2nd period - Shot Blocked by Olli Maatta.
16:12 of 2nd period - Shot by Pavel Datsyuk.
16:12 of 2nd period - Deflect By Patrick Kane.
16:12 of 2nd period - Shot Hit the Post.
16:14 of 2nd period - Shot by Patrick Kane.
16:14 of 2nd period - Stopped by Craig Anderson with a rebound.
16:16 of 2nd period - Shot by Matt Duchene.
16:16 of 2nd period - Shot Misses the Net.
16:18 of 2nd period - Shot by Patrick Kane.
16:18 of 2nd period - Stopped by Craig Anderson with a rebound.
16:20 of 2nd period - Shot by Patrick Kane.
16:20 of 2nd period - Stopped by Craig Anderson without a rebound.
16:21 of 2nd period - Alex Galchenyuk wins face-off versus Joe Thornton in BlackHawks zone.
16:53 of 2nd period - Shot by Artemi Panarin.
16:53 of 2nd period - Stopped by Marc-Andre Fleury with a rebound.
16:58 of 2nd period - Artemi Panarin is hit by Justin Braun and loses puck.
17:44 of 2nd period - Shot by Jack Eichel.
17:44 of 2nd period - Stopped by Marc-Andre Fleury without a rebound.
17:45 of 2nd period - Sam Bennett wins face-off versus Matt Duchene in Panthers zone.
17:57 of 2nd period - Shot by Patrick Kane.
17:57 of 2nd period - Stopped by Craig Anderson without a rebound.
17:58 of 2nd period - Artem Anisimov wins face-off versus Steve Ott in BlackHawks zone.
17:58 of 2nd period - Minor Penalty to Dion Phaneuf for Roughing.
17:59 of 2nd period - Steve Ott wins face-off versus Patrick Kane in BlackHawks zone.
18:18 of 2nd period - Kris Letang is hit by Patrick Kane and loses puck.
19:23 of 2nd period - Icing by Jacob Trouba.
19:24 of 2nd period - Matt Duchene wins face-off versus Trevor Lewis in Panthers zone.
19:24 of 2nd period - Matt Duchene is hit by Deryk Engelland.
Goals for this period are 1 for Panthers vs 3 for BlackHawks.
Shots for this period are 15 for Panthers vs 15 for BlackHawks.

3rd period


0:01 of 3rd period - Matt Duchene wins face-off versus Alex Galchenyuk in neutral zone.
1:07 of 3rd period - Icing by Adam McQuaid.
1:08 of 3rd period - Jack Eichel wins face-off versus Joe Thornton in BlackHawks zone.
1:24 of 3rd period - Gabriel Landeskog is hit by Justin Braun and loses puck.
1:37 of 3rd period - T.J. Brodie is hit by Shane Doan and loses puck.
2:28 of 3rd period - Shot by Sam Bennett.
2:28 of 3rd period - Goal by Sam Bennett - Panthers : 2 - BlackHawks : 4.
2:29 of 3rd period - Alex Galchenyuk wins face-off versus Patrick Kane in neutral zone.
2:37 of 3rd period - Andrew Shaw is hit by Jacob Trouba and loses puck.
2:45 of 3rd period - Off-side.
2:46 of 3rd period - Matt Duchene wins face-off versus Jack Eichel in neutral zone.
3:25 of 3rd period - Shot by Gabriel Landeskog.
3:25 of 3rd period - Stopped by Marc-Andre Fleury without a rebound.
3:26 of 3rd period - Joe Thornton wins face-off versus Alex Galchenyuk in Panthers zone.
3:26 of 3rd period - Joe Thornton is hit by Andrew Shaw.
3:49 of 3rd period - Shot by Alex Galchenyuk.
3:49 of 3rd period - Shot Misses the Net.
5:46 of 3rd period - Shot by Matt Duchene.
5:46 of 3rd period - Shot Misses the Net.
6:04 of 3rd period - Shot by Jack Eichel.
6:04 of 3rd period - Stopped by Marc-Andre Fleury with a rebound.
6:35 of 3rd period - Minor Penalty to Steve Ott for Tripping.
6:36 of 3rd period - Joe Thornton wins face-off versus Alex Galchenyuk in BlackHawks zone.
6:53 of 3rd period - Shot by T.J. Brodie.
6:53 of 3rd period - Stopped by Craig Anderson without a rebound.
6:54 of 3rd period - Gabriel Landeskog wins face-off versus Joe Thornton in BlackHawks zone.
7:03 of 3rd period - Shot by T.J. Brodie.
7:03 of 3rd period - Stopped by Craig Anderson without a rebound.
7:04 of 3rd period - Matt Duchene wins face-off versus Gabriel Landeskog in BlackHawks zone.
7:27 of 3rd period - Shot by Patrick Kane.
7:27 of 3rd period - Goal by Patrick Kane - Panthers : 3 - BlackHawks : 4.
7:28 of 3rd period - Sam Bennett wins face-off versus Artem Anisimov in neutral zone.
7:30 of 3rd period - Deryk Engelland is hit by Shea Theodore and loses puck.
7:53 of 3rd period - Shot by Artem Anisimov.
7:53 of 3rd period - Stopped by Craig Anderson without a rebound.
7:54 of 3rd period - Joe Thornton wins face-off versus Jack Eichel in BlackHawks zone.
8:05 of 3rd period - Shot by Joe Thornton.
8:05 of 3rd period - Stopped by Craig Anderson without a rebound.
8:06 of 3rd period - Alex Galchenyuk wins face-off versus Matt Duchene in BlackHawks zone.
8:19 of 3rd period - Shot by Patrick Kane.
8:19 of 3rd period - Shot Misses the Net.
8:21 of 3rd period - Shot by Jacob Trouba.
8:21 of 3rd period - Shot Misses the Net.
8:23 of 3rd period - Shot by Matt Duchene.
8:23 of 3rd period - Stopped by Craig Anderson without a rebound.
8:24 of 3rd period - Jack Eichel wins face-off versus Joe Thornton in BlackHawks zone.
8:24 of 3rd period - Jack Eichel is hit by Nikolaj Ehlers.
8:29 of 3rd period - Shane Doan is hit by Justin Braun and loses puck.
8:49 of 3rd period - Minor Penalty to Vladimir Tarasenko for Tripping.
8:50 of 3rd period - Alex Galchenyuk wins face-off versus Patrick Kane in Panthers zone.
9:05 of 3rd period - Shot by Alex Galchenyuk.
9:05 of 3rd period - Shot Blocked by Danny DeKeyser.
9:07 of 3rd period - Shot by Olli Maatta.
9:07 of 3rd period - Stopped by Marc-Andre Fleury without a rebound.
9:08 of 3rd period - Jack Eichel wins face-off versus Pierre-Edouard Bellemare in Panthers zone.
9:36 of 3rd period - Icing by Gabriel Landeskog.
9:37 of 3rd period - Patrick Kane wins face-off versus Jack Eichel in BlackHawks zone.
9:37 of 3rd period - Danny DeKeyser is hit by Dion Phaneuf and loses puck.
9:41 of 3rd period - Icing by Dion Phaneuf.
9:42 of 3rd period - Jack Eichel wins face-off versus Pierre-Edouard Bellemare in BlackHawks zone.
10:43 of 3rd period - Shot by Olli Maatta.
10:43 of 3rd period - Stopped by Marc-Andre Fleury with a rebound.
10:53 of 3rd period - Shot by Sam Bennett.
10:53 of 3rd period - Stopped by Marc-Andre Fleury without a rebound.
10:54 of 3rd period - Sam Bennett wins face-off versus Vladimir Tarasenko in Panthers zone.
10:55 of 3rd period - Shot by Patrik Elias.
10:55 of 3rd period - Stopped by Marc-Andre Fleury without a rebound.
10:56 of 3rd period - Matt Duchene wins face-off versus Sam Bennett in Panthers zone.
10:56 of 3rd period - Matt Duchene is hit by Sam Bennett.
11:30 of 3rd period - Shot by Patrick Kane.
11:30 of 3rd period - Stopped by Craig Anderson without a rebound.
11:31 of 3rd period - Alex Galchenyuk wins face-off versus Vladimir Tarasenko in BlackHawks zone.
11:31 of 3rd period - Alex Galchenyuk is hit by Joe Thornton.
11:42 of 3rd period - Artemi Panarin is hit by Danny DeKeyser and loses puck.
12:01 of 3rd period - Shot by Alex Galchenyuk.
12:01 of 3rd period - Stopped by Marc-Andre Fleury without a rebound.
12:02 of 3rd period - Matt Duchene wins face-off versus Jack Eichel in Panthers zone.
12:10 of 3rd period - Minor Penalty to Adam McQuaid for Hooking.
12:11 of 3rd period - Steve Ott wins face-off versus Matt Duchene in BlackHawks zone.
13:10 of 3rd period - Shot by Joe Thornton.
13:10 of 3rd period - Stopped by Craig Anderson without a rebound.
13:11 of 3rd period - Steve Ott wins face-off versus Joe Thornton in BlackHawks zone.
13:11 of 3rd period - Andrew Shaw is hit by Pavel Datsyuk and loses puck.
13:30 of 3rd period - Shot by Pavel Datsyuk.
13:30 of 3rd period - Shot Misses the Net.
13:32 of 3rd period - Shot by Pavel Datsyuk.
13:32 of 3rd period - Shot Misses the Net.
13:34 of 3rd period - Shot by Justin Braun.
13:34 of 3rd period - Deflect By Vladimir Tarasenko.
13:34 of 3rd period - Stopped by Craig Anderson without a rebound.
13:35 of 3rd period - Steve Ott wins face-off versus Matt Duchene in BlackHawks zone.
13:50 of 3rd period - Shot by Matt Duchene.
13:50 of 3rd period - Shot Misses the Net.
13:52 of 3rd period - Shot by T.J. Brodie.
13:52 of 3rd period - Shot Misses the Net.
14:16 of 3rd period - Shot by Jack Eichel.
14:16 of 3rd period - Stopped by Marc-Andre Fleury without a rebound.
14:17 of 3rd period - Artem Anisimov wins face-off versus Jack Eichel in Panthers zone.
14:17 of 3rd period - Artem Anisimov is hit by Shane Doan.
14:35 of 3rd period - Jesper Fast is hit by Shane Doan and loses puck.
15:47 of 3rd period - Shot by Sam Bennett.
15:47 of 3rd period - Shot Blocked by T.J. Brodie.
15:49 of 3rd period - Shot by Patrik Elias.
15:49 of 3rd period - Shot Misses the Net.
15:51 of 3rd period - Shot by Patrik Elias.
15:51 of 3rd period - Shot Misses the Net.
15:53 of 3rd period - Shot by Jason Chimera.
15:53 of 3rd period - Goal by Jason Chimera - Panthers : 3 - BlackHawks : 5.
15:54 of 3rd period - Alex Galchenyuk wins face-off versus Joe Thornton in neutral zone.
15:54 of 3rd period - Alex Galchenyuk is hit by Vladimir Tarasenko.
15:58 of 3rd period - Danny DeKeyser is hit by Andrew Shaw and loses puck.
16:02 of 3rd period - Minor Penalty to Andrew Shaw for Hooking.
16:03 of 3rd period - Joe Thornton wins face-off versus Steve Ott in BlackHawks zone.
16:04 of 3rd period - Shot by T.J. Brodie.
16:04 of 3rd period - Shot Misses the Net.
16:06 of 3rd period - Shot by Joe Thornton.
16:06 of 3rd period - Shot Misses the Net.
16:08 of 3rd period - Shot by Jacob Trouba.
16:08 of 3rd period - Stopped by Craig Anderson without a rebound.
16:09 of 3rd period - Steve Ott wins face-off versus Joe Thornton in BlackHawks zone.
17:02 of 3rd period - Shot by Shea Theodore.
17:02 of 3rd period - Shot Misses the Net.
17:04 of 3rd period - Shot by Justin Braun.
17:04 of 3rd period - Stopped by Craig Anderson with a rebound.
17:06 of 3rd period - Shot by Shea Theodore.
17:06 of 3rd period - Shot Misses the Net.
17:08 of 3rd period - Shot by Shea Theodore.
17:08 of 3rd period - Shot Blocked by Adam McQuaid.
17:10 of 3rd period - Shot by Justin Braun.
17:10 of 3rd period - Stopped by Craig Anderson without a rebound.
17:11 of 3rd period - Steve Ott wins face-off versus Matt Duchene in BlackHawks zone.
17:41 of 3rd period - Shot by Justin Braun.
17:41 of 3rd period - Stopped by Craig Anderson with a rebound.
17:56 of 3rd period - Icing by Justin Braun.
17:57 of 3rd period - Trevor Lewis wins face-off versus Matt Duchene in Panthers zone.
18:05 of 3rd period - Off-side.
18:06 of 3rd period - Alex Galchenyuk wins face-off versus Artem Anisimov in neutral zone.
19:32 of 3rd period - Off-side.
19:33 of 3rd period - Matt Duchene wins face-off versus Sam Bennett in neutral zone.
19:45 of 3rd period - Off-side.
19:46 of 3rd period - Trevor Lewis wins face-off versus Nikolaj Ehlers in neutral zone.
Goals for this period are 1 for Panthers vs 2 for BlackHawks.
Shots for this period are 13 for Panthers vs 10 for BlackHawks.